 Dungeon Crawl Stone Soup version 0.15.1-3-g1b33baa (webtiles) character file.

669 Heini the Covered (level 7, 0/64 HPs)
             Began as a Minotaur Fighter on Oct 10, 2014.
             Killed from afar by ant87's ghost (21 damage)
             ... with an orb of energy
             ... on Level 5 of the Dungeon.
             The game lasted 00:09:45 (3243 turns).

Heini the Covered (Minotaur Fighter)                Turns: 3243, Time: 00:09:45

HP   0/64        AC  9     Str 23      XL: 7   Next: 32%
MP   3/3         EV 11     Int  5      God:
Gold 178         SH  9     Dex  9      Spells:  0 memorised,  6 levels left

rFire  . . .     SeeInvis .     a - +1 flail
rCold  . . .     Clarity  +     b - +0 scale mail
rNeg   . . .     rCorr    .     c - +0 shield
rPois  .         rRot     .     (helmet restricted)
rElec  .         Spirit   .     s - +0 cloak
SustAb .         Warding  .     (no gloves)
rMut   .         Stasis   .     (no boots)
Gourm  .                        p - amulet of clarity
MR     .....                    (no ring)
                                l - +4 ring of evasion

@: not resistant to hostile enchantments, extremely unstealthy
A: retaliatory headbutt, horns 2
a: no special abilities


You were on level 5 of the Dungeon.
You were not hungry.

You visited 1 branch of the dungeon, and saw 5 of its levels.

You collected 178 gold pieces.

Inventory:

Hand weapons
 a - a +1 flail (weapon)
 n - a +0 trident
Armour
 b - a +0 scale mail (worn)
 c - a +0 shield (worn)
 s - a +0 cloak (worn)
Comestibles
 d - 3 bread rations
 f - a royal jelly
 q - 2 rotting chunks of orc flesh
 u - a beef jerky
 v - 2 chunks of hobgoblin flesh
Scrolls
 i - 2 scrolls of teleportation
 o - 2 scrolls of remove curse
 r - 2 scrolls of fog {unknown}
 t - 2 scrolls of fear {unknown}
 w - a scroll of random uselessness {unknown}
 x - a scroll of immolation {unknown}
Jewellery
 l - a +4 ring of evasion (left hand)
 p - an amulet of clarity (around neck)
Potions
 e - a potion of might
 g - a potion of confusion
 h - a potion of beneficial mutation {unknown}
 j - a potion of cancellation
 k - a potion of flight {unknown}
 m - a potion of restore abilities {unknown}


   Skills:
 * Level 6.6 Fighting
 * Level 5.8 Maces & Flails
 * Level 6.8 Armour
 - Level 3.6 Shields


You had 6 spell levels left.
You didn't know any spells.

Dungeon Overview and Level Annotations

Branches:
Dungeon (5/15)
 Temple: D:4-7

Altars:
Dithmenos
Makhleb
Sif Muna
Trog

Annotations:
D:5 ant87's ghost, experienced DECj


Innate Abilities, Weirdness & Mutations

You reflexively headbutt those who attack you in melee.
You have a pair of horns on your head.


Message History

You block ant87's ghost's attack.
Ant87's ghost says, "Death is but another step down the path of knowledge."
Ant87's ghost hits you but does no damage.
A shadow imp comes into view.
Your shield prevents you from hitting ant87's ghost.
Ant87's ghost is heavily damaged.
You block ant87's ghost's attack.
You closely miss ant87's ghost. Your headbutt misses ant87's ghost.
Ant87's ghost is heavily damaged.
You block ant87's ghost's attack. You block the shadow imp's attack.
You sock the shadow imp! Your headbutt misses the shadow imp.
The shadow imp is severely wounded.
Ant87's ghost gestures at you while chanting.
The magic dart hits you!
The shadow imp hits you but does no damage.
You hit the shadow imp.
You kill the shadow imp!
Ant87's ghost casts a spell at you. The orb of energy hits you!
You die...

##### #.!.#
###...#
#.'...'
#...######.#
.#.....@W...#
#.#....#######
#.####.# #.#
#.# #.# #.#
#.# #.# #.#
#.#
####.####.#
#.........#


You could see ant87's ghost.

Vanquished Creatures
  An ogre (D:4)
  2 phantoms (D:4)
  A hound (D:4)
  An orc priest (D:4)
  Crazy Yiuf (D:3)
  An iguana (D:4)
  3 orc wizards
  A worker ant (D:3)
  7 adders
  A shadow imp (D:5)
  2 worms (D:2)
  An adder skeleton (D:4)
  A giant gecko (D:1)
  2 oozes
  15 orcs
  5 giant cockroaches
  10 hobgoblins
  3 jackals (D:1)
  12 kobolds
  A quokka (D:2)
  7 bats
  4 giant newts
  8 goblins
  An orc skeleton (D:4)
  14 rats
  2 ballistomycetes (D:4)
107 creatures vanquished.

Vanquished Creatures (others)
  A giant spore (D:4)
1 creature vanquished.

Grand Total: 108 creatures vanquished

Notes
Turn   | Place    | Note
--------------------------------------------------------------
     0 | D:1      | Heini, the Minotaur Fighter, began the quest for the Orb.
     0 | D:1      | Reached XP level 1. HP: 19/19 MP: 1/1
   170 | D:1      | Reached skill level 4 in Fighting
   343 | D:1      | Reached XP level 2. HP: 27/27 MP: 1/1
   716 | D:2      | Reached XP level 3. HP: 21/34 MP: 2/2
  1116 | D:2      | Reached XP level 4. HP: 32/41 MP: 2/2
  1174 | D:2      | Reached skill level 5 in Fighting
  1246 | D:2      | Found a bloodstained altar of Trog.
  1567 | D:3      | Reached skill level 5 in Armour
  1612 | D:3      | Reached XP level 5. HP: 19/48 MP: 2/2
  1726 | D:3      | Noticed Crazy Yiuf
  1736 | D:3      | Killed Crazy Yiuf
  2134 | D:4      | Noticed a phantom
  2282 | D:4      | Noticed an ogre
  2294 | D:4      | HP: 2/48 [poisoned by a worker ant]
  2521 | D:4      | Killed an ogre
  2521 | D:4      | Reached XP level 6. HP: 25/57 MP: 3/3
  2643 | D:4      | Noticed a phantom
  2657 | D:4      | Reached skill level 6 in Armour
  2680 | D:4      | HP: 1/57 [orc wizard/puff of frost (7)]
  2685 | D:4      | Reached skill level 5 in Maces & Flails
  2705 | D:4      | Killed a phantom
  2844 | D:4      | Found a deep blue altar of Sif Muna.
  2845 | D:4      | Found a burning altar of Makhleb.
  2846 | D:4      | Found a shadowy altar of Dithmenos.
  2984 | D:4      | Reached XP level 7. HP: 38/63 MP: 3/3
  3001 | D:4      | Killed a phantom
  3098 | D:5      | Entered Level 5 of the Dungeon
  3214 | D:5      | Noticed ant87's ghost (experienced DECj)
  3243 | D:5      | Killed from afar by ant87's ghost

Action                   |  1- 3 |  4- 6 |  7- 9 || total
-------------------------+-------+-------+-------++-------
Melee: Flail             |    93 |   147 |    55 ||   295
  Use: Scroll            |     4 |     4 |       ||     8
       Potion            |       |     2 |       ||     2
 Stab: Invisible         |       |     1 |       ||     1
  Eat: Chunk             |       |     7 |     1 ||     8
